 Dungeon Crawl Stone Soup version 0.31-a0-188-g5e087ee2ca (webtiles) character file.

Game seed: 16334846718109407771

320 Anon1729 the Trooper (level 6, 0/56 HPs)
             Began as a Minotaur Monk on June 23, 2023.
             Slain by a gnoll
             ... wielding a +0 spear
             ... led by a gnoll bouda
              (8 damage)
             ... on level 6 of the Dungeon.
             The game lasted 00:01:05 (1899 turns).

Anon1729 the Trooper (Minotaur Monk)                Turns: 1899, Time: 00:01:05

Health: 0/56       AC:  2    Str: 18    XL:     6   Next: 22%
Magic:  6/6        EV: 14    Int:  7    God:
Gold:   118        SH:  0    Dex: 15    Spells: 5/5 levels left

rFire   . . .        t - +10 falchion "Qiocoig" {pain, Str+3}
rCold   . . .        d - orb {light}
rNeg    . . .        b - +0 robe
rPois   .            (helmet restricted)
rElec   .            (no cloak)
rCorr   .            (no gloves)
SInv    .            (no boots)
Will    .....        (no amulet)
Stlth   +            (no ring)
HPRegen 0.29/turn    (no ring)
MPRegen 0.10/turn

%: no passive effects
@: confused, ambrosia-drunk, glowing
A: horns 2, retaliatory headbutt
a: no special abilities


You were on level 6 of the Dungeon.
You visited 1 branch of the dungeon, and saw 4 of its levels.

You collected 118 gold pieces.

Inventory:

Hand Weapons
 a - a +0 short sword
 j - a +2 dagger of protection
 t - the +10 falchion "Qiocoig" (weapon) {pain, Str+3}
   (You found it on level 6 of the Dungeon)

   Str:       It affects your strength (+3).
Armour
 b - a +0 robe (worn)
 d - an orb of light (worn)
Scrolls
 g - 2 scrolls of blinking {unknown}
 h - a scroll of vulnerability {unknown}
 i - a scroll of fog {unknown}
 l - a scroll of immolation {unknown}
 m - 2 scrolls of identify {unknown}
 n - a scroll of brand weapon {unknown}
 p - a scroll of fear {unknown}
 s - a scroll of noise {unknown}
Potions
 e - 2 potions of brilliance {unknown}
 f - a potion of haste {unknown}
 k - a potion of curing {unknown}
 o - a potion of mutation {unknown}
 q - a potion of cancellation {unknown}
 r - a potion of heal wounds {unknown}


   Skills:
 + Level 5.0 Fighting
 + Level 4.5 Short Blades
 + Level 3.0 Armour
 + Level 4.5 Dodging
 + Level 2.5 Invocations


You had 5 spell levels left.
You didn't know any spells.
Your spell library contained the following spells:

 Spells                   Type           Power      Damage    Failure   Level
 Summon Small Mammal      Summ           0%         N/A       43%         1
 Call Imp                 Summ           0%         N/A       56%         2
 Summon Guardian Golem    Hex/Summ       0%         N/A       80%         3
 Vhi's Electric Charge    Tloc/Air       0%         N/A       80%         3
 Summon Horrible Things   Summ           0%         N/A       100%        8


Dungeon Overview and Level Annotations

Branches:
Dungeon (6/15)
 Temple: D:4-7

Altars:


Innate Abilities, Weirdness & Mutations

You have a pair of horns on your head.
You reflexively headbutt those who attack you in melee.


Message History

The gnoll attacks as you move away! The gnoll hits you with a +0 whip.
* * * LOW HITPOINT WARNING * * *
The gnoll barely misses you. The gnoll closely misses you.
You furiously retaliate!
You headbutt the gnoll. The gnoll attacks as you move away!
The gnoll barely misses you. x2
The gnoll attacks as you move away! The gnoll barely misses you.
The gnoll attacks as you move away! The gnoll hits you with a +0 whip.
* * * LOW HITPOINT WARNING * * *
You barely miss the gnoll.
The gnoll is almost dead.
The gnoll barely misses you. You furiously retaliate!
You headbutt the gnoll!
You kill the gnoll!
The gnoll hits you with a +0 whip.
* * * LOW HITPOINT WARNING * * *
The gnoll barely misses you.
You slash the gnoll!
You kill the gnoll!
The gnoll closely misses you. The hound closely misses you.
You slash the hound!
You kill the hound!
The gnoll is no longer moving quickly.
The gnoll hits you from afar with a +0 spear.
* * * LOW HITPOINT WARNING * * *
Your Fighting skill increases to level 5!
Your Armour skill increases to level 3!
The gnoll bouda barks out a call to the hunt!
The gnoll picks up the pace!
The gnoll hits you from afar with a +0 spear.
* * * LOW HITPOINT WARNING * * *
The gnoll misses you.
The gnoll hits you from afar with a +0 spear.
* * * LOW HITPOINT WARNING * * *
There is a stone staircase leading down here.
You are confused.
You feel invigorated. The gnoll misses you.
The gnoll hits you from afar with a +0 spear.
* * * LOW HITPOINT WARNING * * *
The gnoll hits you with a +0 spear!
You die...

# #.
##.#############
+.........>....#
#.....###@###.#
#.......#g# #.#
#...#.#.#.# #.#
.......#.#.#g# #.#
##.#.#.#.#.#g###.#
# #.#.#.#..g....#
# #.#.###.#####
#.#.# #.# #.#..
#.#


You could see a gnoll bouda and 3 gnolls.

Vanquished Creatures
  Sigmund (D:2)
  An orc priest (D:3)
  A hound (D:6)
  A sleepcap (D:6)
  2 gnolls (D:6)
  A worm (D:3)
  3 dart slugs
  3 orcs (D:3)
  5 ball pythons
  3 bats
  5 endoplasms
  3 goblins (D:1)
  2 hobgoblins (D:1)
  5 kobolds
  3 quokkas
  2 frilled lizards (D:2)
  4 rats
45 creatures vanquished.

Notes
Turn   | Place    | Note
-------+----------+-------------------------------------------
     0 | D:1      | Anon1729 the Minotaur Monk began the quest for the Orb.
     0 | D:1      | Reached XP level 1. HP: 19/19 MP: 0/0
    97 | D:1      | Reached XP level 2. HP: 27/27 MP: 1/1
   295 | D:1      | Reached skill level 1 in Armour
   421 | D:1      | Reached XP level 3. HP: 33/33 MP: 2/2
   426 | D:1      | Reached skill level 4 in Fighting
   426 | D:1      | Reached skill level 1 in Invocations
   930 | D:2      | Got the Atlas of Elsewhere and the Band
  1176 | D:2      | Noticed Sigmund
  1188 | D:2      | Killed Sigmund
  1189 | D:2      | Reached XP level 4. HP: 19/41 MP: 2/4
  1189 | D:2      | Reached XP level 5. HP: 22/47 MP: 2/5
  1766 | D:3      | You fall into a shaft and drop 3 floors!
  1773 | D:6      | Identified the +10 falchion "Qiocoig" {pain, Str+3}
  1791 | D:6      | Reached XP level 6. HP: 42/55 MP: 6/6
  1886 | D:6      | Reached skill level 5 in Fighting
  1896 | D:6      | HP: 2/56 [gnoll/+0 spear[a gnoll bouda] (6)]
  1899 | D:6      | Slain by a gnoll

Illustrated notes

Levels and vault maps discovered:
D:1:      sevenhm_arrival_forest_fort_large_4, layout_basic
D:2:      layout_basic, minmay_tetromino_o4, uniq_sigmund
D:3:      minmay_chambers_of_threes, layout_rooms
D:6:      layout_basic, overflow_temple_1_default, minmay_splitting_lines,
          minmay_misc_feat_columns

Skill      XL: |  1  2  3  4  5  6 |
---------------+-------------------+-----
Armour         | 1 2 3 |  3.0
Fighting       | 4 5 |  5.0
Invocations    | 2 |  2.5
Short Blades   | 4 |  4.5
Dodging        | 4 |  4.5

Action                     |  1- 3 |  4- 6 || total
---------------------------+-------+-------++-------
  Melee: Short sword       |    42 |       ||    42
         Headbutt          |    15 |    15 ||    30
         Dagger            |    14 |    37 ||    51
         Falchion          |       |     5 ||     5
    Use: Potion            |       |     1 ||     1
 Armour: Robe              |    13 |    10 ||    23
  Dodge: Dodged            |    23 |    34 ||    57

Table legend: (Time is in decaauts)
 A = Elapsed time spent in this place.
 B = Non-inter-level travel time spent in this place.
 C = Inter-level travel time spent in this place.
 D = Time resting spent in this place.
 E = Time spent auto-exploring this place.
 F = Levels seen in this place.
 G = Mean time per level.
                   A        B        C        D        E       F      G
               +--------+--------+--------+--------+--------+-----+--------+
         Total |   1880 |   1711 |    169 |     30 |   1416 |   4 |  470.0 |
       Dungeon |   1880 |   1711 |    169 |     30 |   1416 |   4 |  470.0 |
               +--------+--------+--------+--------+--------+-----+--------+

Top non-repeatable levels by time:
     D:2: 841 daAuts
     D:1: 792 daAuts
     D:6: 131 daAuts
     D:3: 115 daAuts
